 Dungeon Crawl Stone Soup version 0.21.1-1-g345015fe64 (webtiles) character file.

34 Evaline the Gusty (level 3, -4/20 HPs)
             Began as a Tengu Air Elementalist on June 14, 2018.
             Slain by an adder (5 damage)
             ... on level 2 of the Dungeon.
             The game lasted 00:07:28 (657 turns).

Evaline the Gusty (Tengu Air Elementalist)           Turns: 657, Time: 00:07:29

Health: -4/20      AC:  2    Str:  8    XL:     3   Next: 31%
Magic:  0/7        EV: 18    Int: 16    God:
Gold:   45         SH:  0    Dex: 19    Spells: 3/6 levels left

rFire    . . .     SeeInvis .   d - +0 club
rCold    . . .     Gourm    .   (no shield)
rNeg     . . .     Faith    .   a - +0 robe
rPois    .         Spirit   .   (helmet restricted)
rElec    .         Reflect  .   (no cloak)
rCorr    .         Harm     .   (no gloves)
MR       .....                  (boots unavailable)
Stlth    +++.......             (no amulet)
HPRegen  0.06/turn              (no ring)
MPRegen  0.10/turn              (no ring)

@: agile, lethally poisoned (-4 -> -10), very slightly contaminated
A: beak, talons 3
a: no special abilities


You were on level 2 of the Dungeon.
You were not hungry.

You visited 1 branch of the dungeon, and saw 2 of its levels.

You collected 45 gold pieces.

Inventory:

Hand Weapons
 d - a +0 club (weapon)
 e - a +0 short sword
 i - a +0 hunting sling
 m - a +0 whip
 n - a +0 hand axe
Missiles
 g - 74 stones (quivered)
Armour
 a - a +0 robe (worn)
 j - a +0 leather armour
Scrolls
 h - a scroll of magic mapping {unknown}
 l - 2 scrolls of remove curse
Books
 b - a book of Air

   Spells                             Type                      Level
   a - Shock                          Conjuration/Air              1
   b - Swiftness                      Charms/Air                   2
   c - Static Discharge               Conjuration/Air              3
   d - Airstrike                      Air                          4
   e - Lightning Bolt                 Conjuration/Air              5
Comestibles
 c - a ration
 f - a chunk of flesh


   Skills:
 * Level 0.3 Fighting
 * Level 2.6 Dodging
 * Level 2.1 Stealth
 + Level 2.2 Spellcasting
 + Level 1.5 Conjurations
 * Level 4.9 Air Magic


You had 3 spell levels left.
You knew the following spells:

 Your Spells              Type           Power        Failure   Level  Hunger
a - Shock                 Conj/Air       ##..         5%          1    #......
b - Swiftness             Chrm/Air       #.......     11%         2    ###....


Dungeon Overview and Level Annotations

Branches:
Dungeon (2/15)

Altars:


Innate Abilities, Weirdness & Mutations

You have a beak for a mouth.
You have claws for feet.


Message History

The adder poisons you!
Okay, then.
You closely miss the adder.
The adder is severely wounded.
* * * LOW HITPOINT WARNING * * *
You feel sick. The adder bites you but does no damage. The adder bites you.
* * * LOW HITPOINT WARNING * * *
It was a potion of agility.
You feel agile all of a sudden.
* * * LOW HITPOINT WARNING * * *
You feel sick. The adder closely misses you.
As you read the scroll labeled XITAKA LARUN, it crumbles to dust.
You feel as if something is helping you.
It was a scroll of remove curse.
The adder closely misses you. x2
As you read the scroll labeled GYOFUC DASS, it crumbles to dust.
It is a scroll of amnesia.
Okay, then.
* * * LOW HITPOINT WARNING * * *
You feel sick. The adder bites you.
You die...

#........w....######.....
####...###.##............
##<..###.##..##.##.##<
#.....##.##..##.#
#######w....##.##..##.#
#...)..........##..##.##.##.
#...####..)..#####...........#
..#.. #.....#####........#..#
#..g## ###.####.@Sw..........
..... ...[...######.####..#
...w. ..##### #... .. ##...
... ##### # #...S .


You could see a worm and an adder.

Vanquished Creatures
  A dart slug (D:1)
  A leopard gecko (D:1)
  A ball python (D:2)
  7 bats
  A giant cockroach (D:1)
  4 hobgoblins
  4 jackals (D:2)
  A frilled lizard (D:1)
  A goblin (D:2)
  5 kobolds
  4 rats
30 creatures vanquished.

Vanquished Creatures (others)
  5 toadstools (D:1)
5 creatures vanquished.

Grand Total: 35 creatures vanquished

Notes
Turn   | Place    | Note
-------+----------+-------------------------------------------
     0 | D:1      | Evaline the Tengu Air Elementalist began the quest for the Orb.
     0 | D:1      | Reached XP level 1. HP: 10/10 MP: 4/4
   149 | D:1      | Reached XP level 2. HP: 11/15 MP: 1/6
   479 | D:1      | Learned a level 2 spell: Swiftness
   583 | D:2      | Reached XP level 3. HP: 20/20 MP: 4/7
   652 | D:2      | HP: 1/20 [adder (3)]
   657 | D:2      | HP: 1/20 [poisoned by an adder]
   657 | D:2      | Slain by an adder

Action                   || total
-------------------------++-------
Melee: Club              ||    31
       Kick              ||     6
       Peck              ||     4
 Cast: Shock             ||    41
  Use: Scroll            ||     2
       Potion            ||     2
 Stab: Sleeping          ||     1
Armor: Robe              ||    16
Dodge: Dodged            ||    45
